 Dungeon Crawl Stone Soup version 0.25-a0-949-gdd2af9e06e (webtiles) character file.

Game seed: 7742845132011701357, levelgen mode: deterministic

28 Chiseanne the Skirmisher (level 3, 28/28 HPs)
             Began as a Demonspawn Wanderer on May 8, 2020.
             Quit the game on level 2 of the Dungeon.
             The game lasted 00:01:34 (1330 turns).

Chiseanne the Skirmisher (Demonspawn Wanderer)      Turns: 1330, Time: 00:01:35

Health: 28/28      AC:  6    Str: 12    XL:     3   Next: 0%
Magic:  6/6        EV: 10    Int: 16    God:
Gold:   59         SH:  0    Dex: 10    Spells: 5/6 levels left

rFire    . . .     SeeInvis .   a - +2 spear
rCold    . . .     Gourm    .   (no shield)
rNeg     . . .     Faith    .   c - +0 ring mail
rPois    .         Spirit   .   k - +0 helmet
rElec    .         Reflect  .   (no cloak)
rCorr    .         Harm     .   (no gloves)
MR       .....                  (no boots)
Stlth    ..........             (no amulet)
HPRegen  0.09/turn              (no ring)
MPRegen  0.10/turn              (no ring)

@: no status effects
A: claws 1, hooves 1
a: no special abilities


You were on level 2 of the Dungeon.
You were not hungry.

You visited 1 branch of the dungeon, and saw 2 of its levels.

You collected 59 gold pieces.

Inventory:

Hand Weapons
 a - a +2 spear (weapon)
Missiles
 e - 54 stones (quivered)
 j - 13 sling bullets
Armour
 c - a +0 ring mail (worn)
 k - a +0 helmet (worn)
Jewellery
 l - a +3 ring of protection {unknown}
Potions
 g - a potion of mutation {unknown}
 h - a potion of brilliance {unknown}
 i - 2 potions of curing {unknown}
Comestibles
 d - a ration


   Skills:
 * Level 2.5 Fighting
 * Level 1.7 Armour
   Level 1.0 Shields
 * Level 2.4 Spellcasting
 - Level 1.0 Summonings
   Level 1.7 Transmutations
   Level 1.0 Evocations


You had 5 spell levels left.
You knew the following spells:

 Your Spells              Type           Power        Failure   Level  Hunger
a - Summon Small Mammal   Summ           #...         28%         1    #......

Your spell library contained the following spells:

 Spells                   Type           Power        Failure   Level  Hunger
 Recall                   Summ/Tloc      N/A          71%         3    ###....


Dungeon Overview and Level Annotations

Branches:
Dungeon (2/15)

Altars:

Annotations:
D:2 Sigmund


Innate Abilities, Weirdness & Mutations

You have sharp fingernails.
You have large cloven feet.


Message History

Deactivating autopickup; reactivate with Ctrl-A.
The jackal barely misses you.
You closely miss the jackal.
The jackal is severely wounded.
The jackal bites you but does no damage.
You barely miss the jackal.
The jackal is severely wounded.
The jackal completely misses you. The jackal closely misses you.
You completely miss the jackal.
The jackal is severely wounded.
The jackal bites you but does no damage.
You hit the jackal.
You kill the jackal!
You have reached level 3!
Your experience leads to an increase in your attributes!
Increase (s)trength, (i)ntelligence, or (d)exterity?
You feel clever.
Your demonic ancestry asserts itself...
Your feet thicken and deform.
The jackal bites you but does no damage.
Are you sure you want to abandon this character and quit the game? (Confirm with "yes".)

#. .≈ ≈### ##
..# . #.######
#. #......#
#.###.####...
#.....# ###@###
#h# #.#
#......l.......
#.l...#......##
#.###..........
# .#.[...## ..
....... .#
.....##


You could see a jackal and a frilled lizard.

Vanquished Creatures
  2 dart slugs (D:1)
  A leopard gecko (D:1)
  A giant cockroach (D:1)
  2 hobgoblins (D:1)
  5 jackals
  2 frilled lizards (D:1)
  3 goblins (D:1)
  3 kobolds (D:1)
  3 rats (D:1)
22 creatures vanquished.

Notes
Turn   | Place    | Note
-------+----------+-------------------------------------------
     0 | D:1      | Chiseanne the Demonspawn Wanderer began the quest for the
                  | Orb.
     0 | D:1      | Chiseanne set off with the following items: a +2 spear, a
                  | +0 ring mail, a ration; and the following spell memorised:
                  | Summon Small Mammal; and the following spells available to
                  | memorise: Recall
     0 | D:1      | Reached XP level 1. HP: 16/16 MP: 3/3
   244 | D:1      | Gained mutation: You have sharp fingernails. [demonic
                  | ancestry]
   244 | D:1      | Reached XP level 2. HP: 14/22 MP: 5/5
  1323 | D:2      | Noticed Sigmund
  1329 | D:2      | Gained mutation: You have large cloven feet. [demonic
                  | ancestry]
  1329 | D:2      | Reached XP level 3. HP: 28/28 MP: 6/6
  1330 | D:2      | Quit the game

Levels and vault maps discovered:
D:1:      dpeg_arrival_tiny_i, layout_loops_corners, serial_forest,
          infiniplex_forest_clump_medium, infiniplex_forest_side_room,
          infiniplex_forest_end_1, infiniplex_forest_clump_double,
          infiniplex_forest_lined_room_2, infiniplex_forest_clump_small
D:2:      layout_loops_ring, okawaru_trees_1, chequers_serial_rivers_small_b,
          lemuel_tele_altar, uniq_sigmund, uniq_jessica

Action                   || total
-------------------------++-------
Melee: Spear             ||    98
  Use: Scroll            ||     1
  Eat: Chunk             ||     1
Armor: Ring mail         ||    28
Dodge: Dodged            ||    47

Table legend:
 A = Non-vault XP
 B = Vault XP
 C = Vault XP percentage of total XP
 D = Non-vault monster count
 E = Vault monster count
 F = Vault count percentage of total count
                 A         B        C        D         E       F
            +---------+---------+-------+---------+---------+-------
      Total |      41 |       0 |   0.0 |      22 |       0 |   0.0
            +---------+---------+-------+---------+---------+-------
        D:1 |      39 |       0 |   0.0 |      21 |       0 |   0.0
        D:2 |       2 |       0 |   0.0 |       1 |       0 |   0.0
            +---------+---------+-------+---------+---------+-------
